 Dungeon Crawl Stone Soup version 0.20-a0-1116-gaa52201 (webtiles) character file.

574979 Gorglomux the Wrestler (level 27, 0/307 HPs)
             Began as a Human Wanderer on May 7, 2017.
             Was the Champion of Ru.
             Splashed by a yellow draconian's acid (13 damage)
             ... on level 3 of the Realm of Zot.
             The game lasted 03:07:25 (72040 turns).

Gorglomux the Wrestler (Human Wanderer)            Turns: 72040, Time: 03:07:26

Health: 0/307      AC:  0    Str: 28    XL:     27
Magic:  28/38      EV: 27    Int: 18    God:    Ru [******]
Gold:   1966       SH:  0    Dex: 20    Spells: 16/48 levels left

rFire    + + .     SeeInvis .     - Unarmed
rCold    . . .     Gourm    .   (shield currently unavailable)
rNeg     . . .     Faith    .   (armour currently unavailable)
rPois    +         Spirit   .   (helmet currently unavailable)
rElec    +         Reflect  .   (cloak currently unavailable)
rCorr    .         Harm     .   (gloves currently unavailable)
MR       +++..                  (boots currently unavailable)
Stlth    +++.......             U - amulet of the Air {Inacc +Fly rElec EV+5 RMsl}
Regen    0.7/turn               N - ring of protection from magic {MR+, !d}
MPRegen  0.3/turn               m - ring of protection from cold {rC+, !d}

@: agile, exhausted, dragon-form, corroded, flying, drained, repel missiles
A: frail 1, inability to use devices, hated by all, no conjurations magic, no
earth magic, no hexes magic
}: 3/15 runes: decaying, silver, gossamer
a: End Transformation, Draw Out Power, Power Leap, Apocalypse, Renounce
Religion, Breathe Fire


You were on level 3 of the Realm of Zot.
You worshipped Ru.
Ru was exalted by your worship.
You were very full.
You were a fearsome dragon!
You visited 8 branches of the dungeon, and saw 44 of its levels.
You also visited: Labyrinth and Volcano.

You collected 6213 gold pieces.
You spent 4247 gold pieces at shops.

Inventory:

Hand Weapons
 S - the +5 demon whip "Spellbinder" {antimagic, MR+}
   (You found it on level 5 of the Vaults)

   It reduces the magical energy of the wielder, and disrupts the spells and
   magical abilities of those hit.
   Natural abilities and divine invocations are not affected.
   It affects your resistance to hostile enchantments.
Missiles
 T - 6 throwing nets {=f, !d}
Armour
 s - the +10 scale mail of Jigsaw (melded) {rF++}
   (You found it on level 12 of the Dungeon)

   It greatly protects you from fire.
 z - a +2 cloak of magic resistance (melded)
   (You bought it in a shop on level 2 of the Vaults)
 A - a +2 pair of gloves of dexterity (melded)
   (You acquired it on level 4 of the Vaults)
 L - a +2 helmet of intelligence (melded)
   (You found it on level 4 of the Vaults)
 W - a +3 buckler (melded)
   (You took it off a tengu conjurer on level 4 of the Depths)
 Y - the +2 pair of boots of the Assassin (melded) {Detection Stab+ Stlth++}
   (You bought it in a shop on level 5 of the Depths)

   It makes you much more stealthy.
Magical Staves
 b - an uncursed staff of wizardry (melded) {wiz+, !a}
   (You took it off a minotaur in a labyrinth)
Jewellery
 a - an uncursed ring of see invisible {sInv, !d}
   (You found it on level 2 of the Lair of Beasts)
 h - an uncursed ring of wizardry {Wiz+, !d}
   (You took it off a deep elf death mage on level 5 of the Vaults)
 m - a ring of protection from cold (right foreclaw) {rC+, !d}
   (You bought it in a shop on level 2 of the Orcish Mines)
 t - an uncursed ring of resist corrosion
   (You took it off a yaktaur captain on level 5 of the Vaults)
 N - a ring of protection from magic (left foreclaw) {MR+, !d}
   (You took it off an ogre mage on level 4 of the Vaults)
 P - an uncursed ring of protection from fire {rF+, !d}
   (You found it on level 4 of the Spider Nest)
 U - the amulet of the Air (around neck) {Inacc +Fly rElec EV+5 RMsl}
   (You bought it in a shop on level 2 of the Orcish Mines)

   [amulet of inaccuracy]

   It reduces the accuracy of all your attacks.
   It affects your evasion (+5).
   It insulates you from electricity.
   It lets you fly.
   It protects you from missiles.
Scrolls
 d - 6 scrolls of fear
 i - 4 scrolls of magic mapping {!r}
 k - a scroll of silence
 q - 4 scrolls of blinking {!r}
 r - 14 scrolls of remove curse
 w - 5 scrolls of fog
 C - 18 scrolls of teleportation
 D - 3 scrolls of holy word {!r}
 M - a scroll of enchant weapon
Potions
 j - a potion of berserk rage {!q}
 l - 4 potions of brilliance
 n - 3 potions of magic
 o - 6 potions of heal wounds
 p - 8 potions of flight
 v - 4 potions of might
 x - 18 potions of curing
 B - 4 potions of mutation {!q}
 F - 4 potions of resistance
 G - 3 potions of cancellation
 I - 5 potions of lignification {!q}
 O - 6 potions of ambrosia
 Q - 2 potions of haste
Books
 y - a book of the Sky
   (You found it on level 3 of the Depths)
 R - a book of the Dragon
   (You found it in a labyrinth)
 Z - a book of Battle
   (You found it on level 4 of the Depths)
Comestibles
 f - 30 bread rations {@e1@e1}
 g - 7 meat rations {@e2@e2}
 H - 2 royal jellies
 V - 7 fruits


   Skills:
 + Level 21.2(20.9) Fighting
   Level 3.0(2.7) Bows
 - Level 1.0(0.8) Throwing
 - Level 11.8(11.5) Armour
 + Level 17.3(17.0) Dodging
 - Level 9.4(9.1) Shields
 + Level 22.0(21.6) Unarmed Combat
 - Level 11.0(10.7) Spellcasting
 * Level 9.9(9.6) Charms
 - Level 4.7(4.5) Necromancy
 - Level 19.6(19.3) Transmutations
 * Level 9.8(9.5) Air Magic


You had 16 spell levels left.
You knew the following spells:

 Your Spells              Type           Power        Failure   Level  Hunger
a - Ice Form              Ice/Tmut       #####...     1%          4    ##.....
b - Dragon Form           Tmut           ######....   2%          7    #######
c - Blink                 Tloc           N/A          11%         2    None
d - Deflect Missiles      Chrm/Air       #####.....   22%         6    ######.
g - Apportation           Tloc           #.....       8%          1    None
r - Regeneration          Chrm/Necr      #####.....   1%          3    None
s - Shroud of Golubria    Chrm/Tloc      ####......   1%          2    None
x - Blade Hands           Tmut           ######....   1%          5    #####..
S - Song of Slaying       Chrm           #####...     1%          2    None


Dungeon Overview and Level Annotations

Branches:
Dungeon (15/15)            Temple (0/1) D:6            Lair (6/6) D:11
  Swamp (4/4) Lair:4       Spider (4/4) Lair:4        Slime (0/5) Lair:6
    Orc (2/2) D:12            Elf (0/3) Orc:2        Vaults (5/5) D:13
  Crypt (0/3) Vaults:2     Depths (5/5) D:15            Zot (3/5) Depths:5

Altars:
Elyvilon
Fedhas
Gozag
Makhleb
Okawaru
Qazlal
Ru
Sif Muna
Vehumet
Xom
The Shining One
Beogh
Jiyva

Shops:
D:4 [}**   D:8 }   D:15 *(!*?   Orc:2 *==[(   Vaults:2 [   Depths:3 }
Depths:5 [=

Portals:
Hell: Depths:1 Depths:2 Depths:3 Depths:4 Depths:5
Abyss: Depths:2 Depths:4
Pandemonium: Depths:3 Depths:5
Ziggurat: Depths:3

Annotations:
D:5 2 runed doors
D:7 Noname's ghost, novice DgIE
Depths:3 exclusions: 2 floating eyes, shining eye and 1 more exclusion


Innate Abilities, Weirdness & Mutations

You are frail. (-10% HP)
You cannot study or use magical devices.
You are hated by all.
You cannot study or cast Conjurations magic.
You cannot study or cast Earth magic.
You cannot study or cast Hexes magic.
((You have sharp fingernails.))


Message History

Your tail-slap misses the yellow draconian shifter.
Your claw misses the yellow draconian shifter.
You bite the yellow draconian shifter.
The yellow draconian shifter is stunned by your will and fails to attack.
The yellow draconian misses you.
The yellow draconian hits you with a flail!
* * * LOW HITPOINT WARNING * * *
You take 9 damage, and have 91/307 hp.
Unknown command.
You feel much better. The yellow draconian barely misses you.
The yellow draconian shifter is stunned by your will and fails to attack.
The yellow draconian throws acid at you.
The glob of acid hits you!
You are splashed with acid!
The acid burns!
* * * LOW HITPOINT WARNING * * *
You redirect the white draconian's attack!
The yellow draconian closely misses you.
You redirect the yellow draconian's attack!
The yellow draconian throws acid at the purple draconian shifter.
The glob of acid misses the purple draconian shifter.
A purple draconian comes into view. It is wielding a hand axe.
Unknown command.
You claw the yellow draconian shifter!
Your claw misses the yellow draconian shifter.
The yellow draconian completely misses you.
The yellow draconian closely misses you.
The yellow draconian shifter gestures wildly while chanting.
The purple draconian shifter blinks!
A yellow draconian comes into view. It is wielding a hand axe.
You maul the yellow draconian shifter!!!!
You kill the yellow draconian shifter!
The yellow draconian misses you.
The yellow draconian throws acid at you.
The glob of acid misses you.
The glob of acid hits the yellow draconian.
The yellow draconian is splashed with acid.
The yellow draconian moves out of view.
You barely miss the yellow draconian.
You claw the yellow draconian, but do no damage.
You bite the yellow draconian, but do no damage.
The yellow draconian completely misses you.
The yellow draconian begins to attack, but is stunned by your will!
The yellow draconian throws acid at you.
The glob of acid hits you!
* * * LOW HITPOINT WARNING * * *
The acid corrodes you!
You are splashed with acid!
The acid burns!
* * * LOW HITPOINT WARNING * * *
You take 23 damage, and have 70/307 hp.
Unknown command.
You miss the yellow draconian.
You tail-slap the yellow draconian, but do no damage.
You bite the yellow draconian.
The yellow draconian hits you with a long sword of pain!!
* * * LOW HITPOINT WARNING * * *
You writhe in agony.
* * * LOW HITPOINT WARNING * * *
You hear a roar!
You take 28 damage, and have 42/307 hp.
Unknown command.
Okay, then.
Really read
q - 4 scrolls of blinking {!r}?
Your blink will be uncontrolled - continue anyway?
Okay, then.
Unknown command.
You feel much better.
The yellow draconian is no longer moving slowly.
The yellow draconian closely misses you.
The yellow draconian hits you with a flail!!
* * * LOW HITPOINT WARNING * * *
The yellow draconian hits you with a trident!
* * * LOW HITPOINT WARNING * * *
The yellow draconian begins to attack, but is stunned by your will!
You take 7 damage, and have 35/307 hp.
Unknown command.
Unknown command.
You feel much better.
The yellow draconian hits you with a dire flail!!
* * * LOW HITPOINT WARNING * * *
The yellow draconian misses you.
The purple draconian shifter blinks!
The yellow draconian hits you with a trident.
* * * LOW HITPOINT WARNING * * *
The yellow draconian begins to attack, but is stunned by your will!
The yellow draconian throws acid at you.
The glob of acid misses you.
The glob of acid misses the yellow draconian.
You hear a deafening roar!
You take 10 damage, and have 25/307 hp.
Unknown command.
You feel much better.
You hear a roar!
The yellow draconian throws acid at you.
The glob of acid hits you!
* * * LOW HITPOINT WARNING * * *
You are splashed with acid!
The acid burns!
* * * LOW HITPOINT WARNING * * *
The yellow draconian misses you.
The yellow draconian throws acid at you.
The glob of acid hits you!
* * * LOW HITPOINT WARNING * * *
You are splashed with acid!
The acid burns!
You die...

,*,,,**,,,,,,,,**,,,#..#
#.$# *
,**,,,**,,,,,,**,,,##..#
#### *
,**,,,,***,,***,,,,#...#
*
,***,,,,,****,,,,,##...#
*
,,***,,,,,,,,,{,,##....#
**** *
,,,****,,,,,{{,###....##
*,,* * *,,,*
***,,,{###).)q.## **,,*
* **,** **++*#.ddd..##
**,,,* * ***
****#.....#Dd)## **,,,**
* **,,,...ยง[dd#####
**,,,** * *
*,,,,.....dd#z>##**,,,**
* **
*****#####..#####*,,,**
* ,** #..#####,,,** ****
,,** #..* **,,,** **,,*
,,,**********#..***,,,**
**,,,*
*,,,,,,,,,,,,..[,,,,,**
**,,,**
**,,,,,,,,,,,,,,,,,,**
**,,,**


You could see 6 draconians, a purple draconian, a white draconian, a purple
draconian shifter and a death cob.

Vanquished Creatures
  Mennas (Vaults:3)
  Mara (Vaults:3)
  2 ancient liches
  2 juggernauts (Depths:4)
  Sojobo (Depths:5)
  Boris (twice) (Vaults:2 Vaults:3)
  Frederick (Vaults:3)
  Bai Suzhen (Depths:1)
  Xtahua (Depths:5)
  2 caustic shrikes (Depths:4)
  4 golden dragons
  Nikola (Swamp:4)
  Jory (Depths:5)
  Arachne (Spider:2)
  An electric golem (Zot:1)
  Jorgrun (Swamp:4)
  6 tentacled monstrosities
  Rupert (Lair:5)
  Asterion (Depths:1)
  7 liches
  9 titans
  2 acid blobs (Zot:3)
  2 quicksilver dragons
  8 sphinxes
  A thorn hunter (Swamp:3)
  Roxanne (Spider:4)
  9 storm dragons
  7 shadow dragons
  A draconian monk (Zot:3)
  15 tengu reavers
  11 frost giants
  3 deep elf sorcerers
  15 fire giants
  An iron dragon (shapeshifter) (Vaults:5)
  3 iron dragons
  11 vault wardens
  2 draconian scorchers (Depths:5)
  4 deep elf elementalists (Vaults:5)
  3 ghost moths (Spider:4)
  An orc warlord (Orc:2)
  9 emperor scorpions
  Aizul (Swamp:2)
  2 draconian shifters (Zot:3)
  A draconian annihilator (Zot:3)
  18 ironheart preservers
  36 very ugly things
  23 stone giants
  A war gargoyle (Vaults:4)
  6 vampire knights
  5 entropy weavers
  5 deep elf demonologists
  A green draconian (Zot:3)
  8 deep elf annihilators
  2 purple draconians (Zot:3)
  Nessos (D:13)
  3 red draconians
  5 black draconians
  Azrael (D:14)
  2 yellow draconians
  2 white draconians
  19 ettins
  A quicksilver dragon zombie (Depths:3)
  The ghost of grindst0ne the Fighter, a journeyman DsBe of Trog (D:12)
  A minotaur (Lab)
  The ghost of Azzok the Fencer, a journeyman MiFi of Okawaru (D:12)
  A deep elf death mage (Vaults:5)
  21 yaktaur captains
  13 fire dragons
  A merfolk impaler (Depths:4)
  Snorg (D:14)
  13 great orbs of eyes
  3 jiangshi (Depths:3)
  33 vault guards
  A deep elf high priest (Depths:4)
  8 rakshasas
  Harold (Lair:4)
  6 ice dragons
  Erica (D:10)
  2 spriggan air magi (Depths:4)
  A ghost crab (Swamp:3)
  A catoblepas (D:15)
  A hydra (shapeshifter) (Depths:4)
  21 hydras
  16 centaur warriors
  11 death yaks
  13 ogre magi
  A dancing weapon (Vaults:5)
  6 alligators
  20 deep troll earth magi
  2 orc high priests (Orc:2)
  A vampire mage (Depths:3)
  13 deep troll shamans
  8 tengu warriors
  40 two-headed ogres
  A shock serpent (shapeshifter) (Depths:4)
  Urug (D:13)
  A death yak (shapeshifter) (Vaults:5)
  6 spriggan berserkers
  A sun demon (Depths:5)
  Nergalle (Lair:4)
  12 deep elf knights
  15 skeletal warriors
  2 iron trolls (Depths:2)
  2 shadow wraiths
  7 hell knights
  2 unseen horrors
  5 glowing orange brains
  A fire crab (shapeshifter) (D:15)
  A deep troll (shapeshifter) (D:15)
  2 death drakes (shapeshifter)
  2 spriggan druids
  A swamp dragon (shapeshifter) (Vaults:1)
  3 flayed ghosts
  40 deep trolls
  A shadow demon (Depths:5)
  A torturous demonspawn (Depths:5)
  5 shambling mangroves
  9 wizards
  A phantasmal warrior (Vaults:5)
  16 swamp dragons
  11 deep elf archers
  13 harpies
  15 ironbrand convokers
  3 necromancers
  14 orc knights
  18 orb spiders
  An oklob plant (D:14)
  2 cyclopes (shapeshifter)
  43 wolf spiders
  16 deep elf magi
  7 cyclopes
  2 manticores
  A frost giant zombie (Depths:2)
  2 orc sorcerers (Orc:2)
  57 ugly things
  A small abomination (Vaults:4)
  3 moths of wrath
  A sphinx skeleton (Vaults:2)
  2 frost giant skeletons (Vaults:2)
  2 elephants (shapeshifter)
  9 elephants
  3 black mambas
  2 salamanders (Depths:2)
  4 stone giant skeletons
  4 centaur zombies
  3 gargoyles
  14 vault sentinels
  2 fire giant skeletons
  A spiny frog (shapeshifter) (D:15)
  25 spiny frogs
  A torpor snail (shapeshifter) (Depths:4)
  An orange demon (Depths:5)
  A molten gargoyle (Volcano)
  2 komodo dragons (shapeshifter)
  2 rime drakes (Lair:4)
  A kobold demonologist (D:15)
  6 komodo dragons
  A redback zombie (D:15)
  42 yaktaurs
  3 efreet (D:15)
  6 freezing wraiths
  A yaktaur (shapeshifter) (Vaults:3)
  A queen bee (Depths:4)
  4 tengu conjurers
  2 yaktaur skeletons (Vaults:2)
  9 demonic crawlers
  A red devil (Depths:5)
  A meliai (shapeshifter) (Vaults:3)
  A polar bear (shapeshifter) (Depths:1)
  7 trolls
  9 tyrant leeches
  A wind drake (shapeshifter) (Depths:2)
  A dream sheep (shapeshifter) (Depths:5)
  5 polar bears (Lair:6)
  A raiju (shapeshifter) (Vaults:5)
  46 jumping spiders
  24 hornets
  53 slime creatures
  7 bog bodies
  2 iron dragon simulacra
  23 blink frogs
  7 hippogriffs
  11 dream sheep (Lair:6)
  5 air elementals (Depths:4)
  An ettin skeleton (Depths:2)
  8 shadows
  4 wyverns
  15 water elementals
  23 spriggans
  103 redbacks
  44 tarantellas
  2 wraiths (D:14)
  16 humans (D:13)
  2 vampires
  A wyvern (shapeshifter) (Depths:5)
  5 fire bats
  Eustachio (D:4)
  46 yaks
  5 basilisks
  A golden eye (shapeshifter) (Vaults:4)
  12 vampire mosquitoes
  2 hungry ghosts
  2 fire elementals (D:14)
  3 wargs
  22 swamp worms
  A warg (shapeshifter) (Vaults:5)
  A deep troll skeleton (Vaults:2)
  Edmund (D:5)
  12 water moccasins
  An acid dragon (D:15)
  An acid dragon (shapeshifter) (Vaults:4)
  A floating eye (Depths:3)
  6 hell hounds (D:14)
  8 porcupines
  40 orc warriors
  12 swamp drakes
  2 sky beasts
  5 phantoms
  An eye of draining (shapeshifter) (Vaults:5)
  2 ice beasts
  A black bear (shapeshifter) (Depths:1)
  7 necrophages
  39 ogres
  6 black bears
  An eye of draining (D:11)
  10 boggarts
  A hornet zombie (D:14)
  49 wolves
  A tengu (shapeshifter) (Depths:5)
  25 centaurs
  An elf skeleton (Vaults:2)
  A crocodile (shapeshifter) (Vaults:5)
  15 crocodiles
  20 bullfrogs
  3 big kobolds (D:15)
  A gnoll sergeant (D:8)
  3 human skeletons (Vaults:2)
  A wyvern skeleton (D:15)
  4 scorpions
  16 wights
  34 killer bees
  4 howler monkeys
  2 electric eels (Lair:1)
  7 crimson imps
  6 lava snakes (Volcano)
  4 quasits
  A bullfrog zombie (D:8)
  5 jellies
  6 hounds
  25 orc wizards
  16 orc priests
  2 gnoll shamans
  3 bullfrog skeletons
  An iron imp (Depths:1)
  An iguana (D:12)
  5 worker ants
  2 hound skeletons
  A worker ant zombie (D:6)
  A howler monkey skeleton (D:7)
  A howler monkey zombie (D:6)
  7 adders
  23 gnolls
  5 shadow imps
  An ufetubus (Depths:3)
  2 oozes (D:1)
  An adder zombie (D:10)
  2 adder skeletons
  5 dart slugs
  14 worms
  6 leopard geckos
  76 orcs
  3 ball pythons
  5 bats
  7 giant cockroaches
  7 goblins
  10 hobgoblins
  4 jackals
  7 kobolds
  6 quokkas
  6 frilled lizards
  A jackal zombie (D:5)
  A leopard gecko zombie (D:8)
  A quokka skeleton (D:6)
  A quokka zombie (D:5)
  3 rats
  4 briar patches (Swamp:3)
  A bush (Lair:3)
  A crawling corpse (Vaults:4)
  6 fungi
  9 plants
2239 creatures vanquished.

Vanquished Creatures (others)
  A tengu reaver (Vaults:5)
  A thorn hunter (Swamp:3)
  An emperor scorpion (Spider:2)
  An ettin (Depths:4)
  2 hydras
  A rakshasa (Depths:4)
  2 two-headed ogres (Vaults:4)
  An alligator (Swamp:1)
  An ogre mage (Vaults:2)
  A swamp dragon (Swamp:4)
  A deep elf mage (D:13)
  A cyclops (D:13)
  A black mamba (Lair:4)
  A hornet (Swamp:3)
  A jumping spider (Spider:1)
  2 hippogriffs
  A dream sheep (Lair:6)
  A redback (Spider:4)
  A yak (Lair:4)
  A golden eye (shapeshifter) (Vaults:5)
  A swamp worm (Swamp:3)
  A naga (shapeshifter) (Depths:5)
  A floating eye (Depths:4)
  2 centaurs
  A crocodile (Lair:4)
  A bullfrog (Lair:5)
  A killer bee (Depths:4)
  An orc wizard (D:7)
  3 orcs
  A briar patch (Swamp:3)
  A bush (Lair:4)
  19 fungi
  16 plants
72 creatures vanquished.

Grand Total: 2311 creatures vanquished

Notes
Turn   | Place    | Note
-------+----------+-------------------------------------------
     0 | D:1      | Gorglomux the Human Wanderer began the quest for the Orb.
     0 | D:1      | Gorglomux set off with: a +2 scale mail, a scroll of teleportation, a +0 buckler, a +0 dagger, a bread ration {@e1@e1}
     0 | D:1      | Reached XP level 1. HP: 18/18 MP: 1/1
    71 | D:1      | Reached skill level 1 in Unarmed Combat
    94 | D:1      | Reached XP level 2. HP: 24/24 MP: 2/2
   280 | D:1      | Reached skill level 2 in Unarmed Combat
   338 | D:1      | Reached XP level 3. HP: 19/29 MP: 3/3
   608 | D:1      | Reached skill level 3 in Unarmed Combat
  1032 | D:1      | Reached XP level 4. HP: 31/35 MP: 4/4
  1665 | D:2      | Reached skill level 4 in Unarmed Combat
  2179 | D:3      | Reached XP level 5. HP: 22/41 MP: 5/5
  3167 | D:4      | Noticed an ogre
  3221 | D:4      | Found a white marble altar of Elyvilon.
  3240 | D:4      | Found Juina's Assorted Antiques.
  3342 | D:3      | Reached skill level 5 in Unarmed Combat
  3452 | D:4      | Reached XP level 6. HP: 43/47 MP: 6/6
  3559 | D:4      | Bought a scroll labeled XAF ICSUELLOU for 33 gold pieces
  3559 | D:4      | Bought a fuming coppery potion for 29 gold pieces
  3870 | D:4      | Found Vydun's General Store.
  3877 | D:4      | Found Ufuczoz's Gadget Boutique.
  3882 | D:4      | Found Cutt's Armour Shop.
  3912 | D:4      | Reached skill level 6 in Unarmed Combat
  4066 | D:4      | Found a blossoming altar of Fedhas.
  4582 | D:4      | Noticed an ogre
  4601 | D:4      | Killed an ogre
  4601 | D:4      | Reached XP level 7. HP: 25/52 MP: 7/7
  4859 | D:4      | Noticed Eustachio
  4889 | D:4      | Killed Eustachio
  4889 | D:4      | Reached skill level 7 in Unarmed Combat
  4935 | D:5      | Entered Level 5 of the Dungeon
  4987 | D:5      | Found a runed door.
  5000 | D:5      | Found a runed door.
  5090 | D:5      | Found a burning altar of Makhleb.
  5280 | D:5      | Reached skill level 8 in Unarmed Combat
  5280 | D:5      | Reached XP level 8. HP: 37/58 MP: 8/8
  5554 | D:5      | Got a crude scale mail
  5616 | D:5      | Identified the +5 scale mail "Vyimpio" {rN+} (You found it on level 5 of the Dungeon)
  5705 | D:5      | Found an opulent altar of Gozag.
  5705 | D:5      | Found a sacrificial altar of Ru.
  5860 | D:5      | Became a worshipper of Ru the Awakened
  5883 | D:5      | Noticed Edmund
  5912 | D:5      | Killed Edmund
  5912 | D:5      | Reached skill level 9 in Unarmed Combat
  6526 | D:6      | Reached skill level 2 in Shields
  6874 | D:6      | Reached skill level 4 in Fighting
  6888 | D:6      | Reached skill level 3 in Shields
  6888 | D:6      | Reached XP level 9. HP: 62/65 MP: 9/9
  7015 | D:6      | Found a staircase to the Ecumenical Temple.
  7485 | D:5      | Gained mutation: You are hated by all. [Ru sacrifice]
  7485 | D:5      | Reached * piety under Ru
  7520 | D:5      | Reached skill level 5 in Fighting
  7520 | D:5      | Reached skill level 4 in Shields
  7663 | D:6      | Found a deep blue altar of Sif Muna.
  7719 | D:6      | Reached skill level 10 in Unarmed Combat
  7788 | D:7      | Found an iron altar of Okawaru.
  7795 | D:7      | Noticed Noname's ghost (novice DgIE)
  8614 | D:7      | Reached skill level 6 in Fighting
  8614 | D:7      | Reached skill level 5 in Shields
  8739 | D:7      | Reached XP level 10. HP: 74/76 MP: 10/10
  9858 | D:8      | Found Inuorch's Gadget Emporium.
 10119 | D:9      | Reached skill level 6 in Shields
 10201 | D:9      | Gained mutation: You cannot study or cast Earth magic. [Ru sacrifice]
 10201 | D:9      | Gained mutation: You cannot study or cast Hexes magic. [Ru sacrifice]
 10201 | D:9      | Gained mutation: You cannot study or cast Conjurations magic. [Ru sacrifice]
 10201 | D:9      | Reached ** piety under Ru
 10244 | D:9      | Noticed a two-headed ogre
 10268 | D:9      | Killed a two-headed ogre
 10268 | D:9      | Reached skill level 7 in Fighting
 10268 | D:9      | Reached skill level 11 in Unarmed Combat
 10382 | D:9      | HP: 15/79 [killer bee (7)]
 10387 | D:9      | HP: 11/79 [poisoned by a killer bee]
 10392 | D:9      | HP: 9/79 [poisoned by a killer bee]
 10398 | D:9      | HP: 8/79 [poisoned by a killer bee]
 10406 | D:9      | HP: 7/79 [poisoned by a killer bee]
 10414 | D:9      | HP: 7/79 [poisoned by a killer bee]
 11384 | D:10     | Entered Level 10 of the Dungeon
 11601 | D:10     | Noticed Erica
 11622 | D:10     | Killed Erica
 11622 | D:10     | Reached skill level 8 in Fighting
 11622 | D:10     | Reached skill level 2 in Armour
 11622 | D:10     | Reached skill level 2 in Dodging
 11622 | D:10     | Reached XP level 11. HP: 26/86 MP: 11/11
 12004 | D:10     | Noticed a two-headed ogre
 12019 | D:10     | Killed a two-headed ogre
 12019 | D:10     | Reached skill level 3 in Armour
 12019 | D:10     | Reached skill level 3 in Dodging
 12504 | D:10     | Learned a level 5 spell: Blade Hands
 12658 | D:11     | Noticed a two-headed ogre
 12705 | D:11     | Killed a two-headed ogre
 12705 | D:11     | Reached skill level 12 in Unarmed Combat
 13042 | D:11     | Gained mutation: You cannot study or use magical devices. [Ru sacrifice]
 13042 | D:11     | Reached *** piety under Ru
 13042 | D:11     | Reached **** piety under Ru
 13098 | D:11     | Reached skill level 4 in Armour
 13098 | D:11     | Reached skill level 4 in Dodging
 13185 | D:11     | Noticed a brown ugly thing
 13208 | D:11     | Killed a brown ugly thing
 13409 | D:11     | Found a staircase to the Lair.
 13434 | D:11     | Reached skill level 9 in Fighting
 14162 | D:11     | Noticed a cyclops
 14263 | Lair:1   | Entered Level 1 of the Lair of Beasts
 14281 | Lair:1   | Reached skill level 5 in Armour
 14299 | Lair:1   | Reached XP level 12. HP: 74/95 MP: 12/12
 14395 | Lair:1   | Found a labyrinth entrance.
 14407 | Lab      | Entered a labyrinth
 14453 | Lab      | Noticed a minotaur
 14464 | Lab      | Killed a minotaur
 14464 | Lab      | Reached skill level 5 in Dodging
 14473 | Lab      | Got a crude trident
 15371 | Lair:1   | Reached skill level 6 in Armour
 15460 | Lair:1   | Reached skill level 6 in Dodging
 15561 | Lair:2   | Reached skill level 1 in Transmutations
 15731 | Lair:2   | Noticed a five-headed hydra
 15747 | Lair:2   | Killed a five-headed hydra
 15747 | Lair:2   | Reached skill level 1 in Spellcasting
 16049 | Lair:2   | Reached skill level 10 in Fighting
 16455 | Lair:2   | Reached skill level 2 in Spellcasting
 16455 | Lair:2   | Reached skill level 2 in Transmutations
 16698 | Lair:2   | Gained mutation: You are frail. (-10% HP) [Ru sacrifice]
 16698 | Lair:2   | Reached ***** piety under Ru
 16698 | Lair:2   | Reached ****** piety under Ru
 17099 | Lair:3   | Reached skill level 13 in Unarmed Combat
 17388 | Lair:4   | Noticed a death yak
 17388 | Lair:4   | Noticed a death yak
 17388 | Lair:4   | Noticed a death yak
 17388 | Lair:4   | Noticed a death yak
 17388 | Lair:4   | Noticed a death yak
 17412 | Lair:3   | Reached XP level 13. HP: 71/92 MP: 10/17
 17417 | Lair:3   | Reached skill level 7 in Dodging
 17516 | Lair:3   | Reached skill level 3 in Spellcasting
 17804 | Lair:4   | Reached skill level 3 in Transmutations
 17935 | Lair:4   | HP: 14/93 [black mamba (14)]
 18358 | Lair:4   | Found a staircase to the Swamp.
 18399 | Lair:4   | Found a hole to the Spider Nest.
 18414 | Lair:3   | Reached skill level 4 in Spellcasting
 18793 | Lair:4   | Noticed Harold
 18900 | Lair:4   | Noticed Nergalle
 18920 | Lair:4   | Killed Nergalle
 19166 | Lair:4   | Killed Harold
 19166 | Lair:4   | Reached skill level 4 in Transmutations
 19262 | Lair:4   | Reached skill level 8 in Dodging
 19564 | Lair:4   | Noticed a four-headed hydra
 19576 | Lair:4   | Killed a four-headed hydra
 19630 | Lair:4   | Reached skill level 11 in Fighting
 19634 | Lair:4   | Reached skill level 5 in Transmutations
 19882 | Lair:4   | Reached skill level 5 in Spellcasting
 20547 | Lair:5   | Noticed Rupert
 20648 | Lair:5   | Reached XP level 14. HP: 91/101 MP: 21/21
 20685 | Lair:5   | Killed Rupert
 20685 | Lair:5   | Reached skill level 9 in Dodging
 20685 | Lair:5   | Reached skill level 6 in Transmutations
 20713 | Lair:4   | Reached skill level 14 in Unarmed Combat
 20713 | Lair:4   | Reached skill level 6 in Spellcasting
 20719 | Lair:4   | HP: 23/101 [death yak (14)]
 22002 | Lair:6   | Entered Level 6 of the Lair of Beasts
 22503 | Lair:6   | Found a viscous altar of Jiyva.
 22503 | Lair:6   | Found a staircase to the Slime Pits.
 22620 | Lair:6   | HP: 11/102 [spiny frog (45)]
 22629 | Lair:6   | HP: 25/102 [poisoned by a spiny frog]
 22634 | Lair:6   | HP: 19/102 [poisoned by a spiny frog]
 22640 | Lair:6   | HP: 15/102 [poisoned by a spiny frog]
 22645 | Lair:6   | HP: 12/102 [poisoned by a spiny frog]
 22650 | Lair:6   | HP: 12/102 [poisoned by a spiny frog]
 22655 | Lair:6   | HP: 11/102 [poisoned by a spiny frog]
 22663 | Lair:6   | HP: 11/102 [poisoned by a spiny frog]
 22999 | Lair:6   | Reached skill level 12 in Fighting
 23036 | Lair:6   | Reached skill level 7 in Transmutations
 23561 | Lair:6   | Reached XP level 15. HP: 91/108 MP: 24/24
 23946 | Lair:6   | Reached skill level 10 in Dodging
 25213 | D:12     | Found a staircase to the Orcish Mines.
 25218 | D:12     | Noticed grindst0ne's ghost (journeyman DsBe)
 25257 | D:12     | HP: 27/109 [grindst0ne's ghost (22)]
 25263 | D:12     | HP: 27/109 [orc (1)]
 25275 | D:12     | Killed grindst0ne's ghost
 25302 | D:12     | Got an encrusted scale mail
 25315 | D:12     | Identified the +10 scale mail of Jigsaw {rF++} (You found it on level 12 of the Dungeon)
 25505 | D:12     | Noticed Azzok's ghost (journeyman MiFi)
 25527 | D:12     | Killed Azzok's ghost
 25681 | D:12     | Reached skill level 8 in Transmutations
 26126 | D:13     | Found a gate to the Vaults.
 26126 | D:13     | Noticed Urug
 26126 | D:13     | Noticed Nessos
 26127 | D:13     | Killed Urug
 26127 | D:13     | Killed Nessos
 26851 | D:13     | Identified a scroll of acquirement
 26929 | D:13     | Got an ivory morningstar
 27164 | D:14     | Reached skill level 13 in Fighting
 27164 | D:14     | Reached skill level 11 in Dodging
 27185 | D:14     | Found a shimmering altar of Xom.
 27194 | D:14     | Reached skill level 15 in Unarmed Combat
 27388 | D:14     | Reached skill level 9 in Transmutations
 27608 | D:14     | Found a glowing golden altar of the Shining One.
 27625 | D:14     | Noticed Azrael
 27643 | D:14     | Killed Azrael
 27643 | D:14     | Reached XP level 16. HP: 95/117 MP: 25/25
 27974 | D:14     | Noticed Snorg
 27983 | D:14     | Killed Snorg
 28507 | D:15     | Entered Level 15 of the Dungeon
 28987 | D:15     | Found a staircase to the Depths.
 29285 | D:15     | Reached skill level 7 in Armour
 29493 | D:15     | Found Qoinnuu's General Store.
 29527 | D:15     | Bought a scroll of identify for 36 gold pieces
 29527 | D:15     | Bought a scroll of identify for 36 gold pieces
 29541 | D:15     | Found Qyowk's Distillery.
 29547 | D:15     | Bought a potion of berserk rage for 90 gold pieces
 29571 | D:15     | Found Xehycvoo's Assorted Antiques.
 29889 | D:15     | Found Riogg's Magic Scroll Boutique.
 29892 | D:15     | Bought a scroll of acquirement for 728 gold pieces
 29892 | D:15     | Bought a scroll of vulnerability for 105 gold pieces
 29894 | D:15     | Got an ancient hat
 29905 | D:15     | Identified the +0 hat of Broken Taboos {MR- rCorr Int+3} (You acquired it on level 15 of the Dungeon)
 30068 | D:15     | Found Wafuon's Weapon Shop.
 30111 | D:15     | Reached skill level 10 in Transmutations
 30128 | D:15     | Bought a potion of curing for 75 gold pieces
 30521 | Orc:1    | Entered Level 1 of the Orcish Mines
 30801 | Orc:1    | Found a roughly hewn altar of Beogh.
 31115 | Orc:2    | Gorglomux: hey there
 31115 | Orc:2    | Entered Level 2 of the Orcish Mines
 31123 | Orc:2    | Found a roughly hewn altar of Beogh.
 31128 | Orc:2    | Found Causuho's Antique Weapon Shop.
 31318 | Orc:1    | PeterMcNeter: hi
 31387 | Orc:2    | Found a dark tunnel.
 31400 | Volcano  | Entered a volcano
 31670 | Volcano  | Found a bloodstained altar of Trog.
 31903 | Orc:2    | Reached skill level 8 in Armour
 31905 | Orc:2    | Found a staircase to the Elven Halls.
 31934 | Orc:1    | HP: 29/118 [orc warrior/battleaxe (24)]
 32243 | Orc:2    | Reached skill level 7 in Spellcasting
 32249 | Orc:2    | Reached XP level 17. HP: 103/124 MP: 23/27
 32283 | Orc:2    | Found Vaeclov's General Store.
 32286 | Orc:2    | Reached skill level 14 in Fighting
 32567 | Orc:2    | Found Ynudd's Jewellery Shoppe.
 32621 | Orc:2    | Found Dykul's Antique Armour Emporium.
 32737 | Orc:2    | Found Eptaappo's Jewellery Shoppe.
 32775 | Orc:2    | Bought the amulet of the Air {Inacc +Fly rElec EV+5 RMsl} for 761 gold pieces
 33014 | Orc:2    | Bought an uncursed ring of poison resistance for 280 gold pieces
 33312 | Spider:1 | Entered Level 1 of the Spider Nest
 33574 | Spider:1 | Reached skill level 16 in Unarmed Combat
 33591 | Spider:1 | HP: 31/125 [poisoned by a redback]
 33596 | Spider:1 | HP: 17/125 [poisoned by a redback]
 34039 | Spider:1 | Reached skill level 11 in Transmutations
 34791 | Spider:2 | Reached skill level 8 in Spellcasting
 34796 | Spider:2 | Reached skill level 9 in Armour
 34841 | Spider:1 | HP: 30/126 [poisoned by an emperor scorpion]
 34846 | Spider:1 | HP: 28/126 [poisoned by an emperor scorpion]
 34852 | Spider:1 | HP: 27/126 [poisoned by an emperor scorpion]
 34858 | Spider:1 | HP: 27/126 [poisoned by an emperor scorpion]
 34866 | Spider:1 | HP: 27/126 [poisoned by an emperor scorpion]
 35409 | Spider:1 | HP: 30/126 [poisoned by a redback]
 35414 | Spider:1 | HP: 19/126 [poisoned by a redback]
 35419 | Spider:1 | HP: 12/126 [poisoned by a redback]
 35424 | Spider:1 | HP: 7/126 [poisoned by a redback]
 35429 | Spider:1 | HP: 4/126 [poisoned by a redback]
 35434 | Spider:1 | HP: 2/126 [poisoned by a redback]
 35441 | Spider:1 | HP: 2/126 [poisoned by a redback]
 35448 | Spider:1 | HP: 2/126 [poisoned by a redback]
 35456 | Spider:1 | HP: 2/126 [poisoned by a redback]
 35706 | Spider:1 | HP: 31/126 [poisoned by a redback]
 35711 | Spider:1 | HP: 28/126 [poisoned by a redback]
 35716 | Spider:1 | HP: 26/126 [poisoned by a redback]
 35721 | Spider:1 | HP: 25/126 [poisoned by a redback]
 35727 | Spider:1 | HP: 25/126 [poisoned by a redback]
 35732 | Spider:1 | HP: 16/126 [jumping spider (9)]
 35741 | Spider:1 | HP: 16/126 [poisoned by a redback]
 35910 | Spider:1 | HP: 30/126 [poisoned by a wolf spider]
 35915 | Spider:1 | HP: 24/126 [poisoned by a wolf spider]
 35920 | Spider:1 | HP: 19/126 [poisoned by a wolf spider]
 35925 | Spider:1 | HP: 17/126 [poisoned by a wolf spider]
 35931 | Spider:1 | HP: 16/126 [poisoned by a wolf spider]
 35939 | Spider:1 | HP: 15/126 [poisoned by a wolf spider]
 35947 | Spider:1 | HP: 16/126 [poisoned by a wolf spider]
 36711 | Spider:3 | HP: 27/126 [wolf spider (14)]
 37109 | Spider:2 | HP: 31/126 [wolf spider (18)]
 37110 | Spider:2 | Reached XP level 18. HP: 30/132 MP: 26/30
 37115 | Spider:2 | HP: 27/132 [poisoned by a wolf spider]
 37121 | Spider:2 | HP: 26/132 [poisoned by a wolf spider]
 37127 | Spider:2 | HP: 25/132 [poisoned by a wolf spider]
 37135 | Spider:2 | HP: 26/132 [poisoned by a wolf spider]
 37843 | Spider:2 | Learned a level 4 spell: Ice Form
 38092 | Spider:3 | Noticed Arachne
 38183 | Spider:2 | Killed Arachne
 38204 | Spider:2 | Gorglomux: fuck spider
 38317 | Spider:2 | Reached skill level 9 in Spellcasting
 38798 | Spider:3 | HP: 33/133 [poisoned by a redback]
 38804 | Spider:3 | HP: 30/133 [poisoned by a redback]
 38810 | Spider:3 | HP: 28/133 [poisoned by a redback]
 38815 | Spider:2 | HP: 28/133 [poisoned by a redback]
 38822 | Spider:2 | HP: 28/133 [poisoned by a redback]
 38830 | Spider:2 | HP: 28/133 [poisoned by a redback]
 39137 | Spider:3 | Paralysed by a hornet for 1 turns
 39281 | Spider:3 | Reached skill level 10 in Armour
 39479 | Spider:4 | Entered Level 4 of the Spider Nest
 39601 | Spider:4 | Noticed Roxanne
 39651 | Spider:4 | Killed Roxanne
 39651 | Spider:4 | Reached skill level 15 in Fighting
 39652 | Spider:4 | Identified Roxanne's Collected Works on Transmutation (You took it off Roxanne on level 4 of the Spider Nest)
 39854 | Spider:4 | Reached skill level 12 in Transmutations
 41338 | Spider:4 | Reached XP level 19. HP: 68/139 MP: 19/32
 41642 | Spider:4 | Got a gossamer rune of Zot
 41857 | Swamp:1  | Entered Level 1 of the Swamp
 42214 | Swamp:1  | Reached skill level 10 in Spellcasting
 42228 | Swamp:1  | Reached skill level 17 in Unarmed Combat
 42459 | Swamp:1  | PeterMcNeter: yeah seriously
 42540 | Swamp:1  | PeterMcNeter: just tabbing till you're almost dead
 42719 | Swamp:1  | Gorglomux: well that worked really well until that place
 42937 | Swamp:2  | Reached skill level 11 in Armour
 43004 | Swamp:2  | PeterMcNeter: yeah, also works here
 43027 | Swamp:2  | Gorglomux: well theres water and hydras in this one
 43027 | Swamp:2  | Gorglomux: gotta take it carefully
 43056 | Swamp:2  | Noticed Aizul
 43067 | Swamp:2  | Killed Aizul
 43926 | Swamp:3  | HP: 37/169 [seven-headed hydra (6)]
 43928 | Swamp:3  | HP: 8/169 [thorn hunter (18)]
 43932 | Swamp:3  | PeterMcNeter: wouldn't you be better of fighting hydras just unarmed without a form?
 44124 | Swamp:3  | Gorglomux: yeah
 44124 | Swamp:3  | Gorglomux: it is
 44124 | Swamp:3  | Gorglomux: lol
 44303 | Swamp:3  | Gorglomux: thought the slow was better than 20 ac rofl
 44476 | Swamp:3  | Learned a level 1 spell: Apportation
 44528 | Swamp:3  | Reached skill level 13 in Transmutations
 44850 | Swamp:4  | Entered Level 4 of the Swamp
 45224 | Swamp:4  | Noticed Nikola
 45394 | Swamp:4  | Killed Nikola
 45636 | Swamp:4  | Reached XP level 20. HP: 110/147 MP: 34/34
 45813 | Swamp:4  | Reached skill level 16 in Fighting
 45919 | Swamp:4  | Got a decaying rune of Zot
 45968 | Swamp:4  | Noticed Jorgrun
 45985 | Swamp:4  | Killed Jorgrun
 46280 | Swamp:4  | Reached skill level 11 in Spellcasting
 46399 | Swamp:4  | Paralysed by a hornet for 3 turns
 46971 | Vaults:1 | Entered Level 1 of the Vaults
 47094 | D:13     | Learned a level 7 spell: Dragon Form
 47980 | Vaults:1 | Reached skill level 14 in Transmutations
 48958 | Vaults:2 | Found a staircase to the Crypt.
 49312 | Vaults:2 | Reached XP level 21. HP: 135/154 MP: 24/36
 49328 | Vaults:2 | Reached skill level 18 in Unarmed Combat
 49335 | Vaults:2 | Reached skill level 12 in Dodging
 49507 | Vaults:2 | Found Lyit's Antique Armour Shoppe.
 49541 | Vaults:2 | Bought a faintly humming buckler for 399 gold pieces
 49541 | Vaults:2 | Bought a glowing cloak for 315 gold pieces
 49562 | Vaults:2 | Identified the +1 buckler of Myody {Int+4 Dex-3 Stlth+} (You bought it in a shop on level 2 of the Vaults)
 49751 | Vaults:2 | Reached skill level 15 in Transmutations
 49764 | Vaults:2 | PeterMcNeter: i love dragon form
 49839 | Vaults:2 | Gorglomux: me too
 49839 | Vaults:2 | Gorglomux: even though my defenses are too low for now
 49895 | Vaults:2 | Gorglomux: i go from 33 20
 49897 | Vaults:2 | Gorglomux: to 16 17, pretty rough
 49897 | Vaults:2 | Gorglomux: and rc-
 49898 | Vaults:2 | PeterMcNeter: yeeah i feel like dragon form is very glass-canonny
 49898 | Vaults:2 | Gorglomux: got like 70 more hp though
 50381 | Vaults:2 | Reached skill level 7 in Shields
 50609 | Vaults:2 | Noticed Boris
 50625 | Vaults:2 | Killed Boris
 50625 | Vaults:2 | Reached skill level 17 in Fighting
 50926 | Vaults:3 | Noticed Frederick
 50947 | Vaults:3 | Killed Frederick
 51279 | Vaults:3 | Noticed Mara
 51295 | Vaults:3 | Killed Mara
 51295 | Vaults:3 | Reached skill level 16 in Transmutations
 51295 | Vaults:3 | Reached XP level 22. HP: 163/163 MP: 22/37
 51323 | Vaults:3 | Found a stormy altar of Qazlal.
 51528 | Vaults:3 | Noticed Boris
 51535 | Vaults:3 | Gorglomux: aha hey boris again
 51559 | Vaults:3 | Killed Boris
 51559 | Vaults:3 | Reached skill level 8 in Shields
 51821 | Vaults:3 | Noticed Mennas
 51824 | Vaults:3 | PeterMcNeter: ohhh nice
 51836 | Vaults:3 | Killed Mennas
 51838 | Vaults:3 | Gorglomux: DIE
 51838 | Vaults:3 | Gorglomux: BURN
 51838 | Vaults:3 | Gorglomux: MENNAS
 53099 | Vaults:4 | Found a radiant altar of Vehumet.
 53115 | Vaults:4 | Gorglomux: ooo
 53115 | Vaults:4 | Gorglomux: fuck wrong place
 53236 | Vaults:4 | Reached skill level 17 in Transmutations
 53273 | Vaults:4 | PeterMcNeter: what do you mean?
 53580 | Vaults:4 | Reached skill level 9 in Shields
 53583 | Vaults:4 | Gorglomux: meant to oooo in the game, not in the chat :p
 53603 | Vaults:4 | PeterMcNeter: oh :D
 54036 | Vaults:4 | Reached skill level 19 in Unarmed Combat
 54374 | Vaults:4 | Reached XP level 23. HP: 171/171 MP: 29/38
 54374 | Vaults:4 | Gained mutation: You have sharp fingernails. [a shining eye]
 54579 | Vaults:4 | Got a polished arbalest
 54860 | Depths:1 | Entered Level 1 of the Depths
 55687 | D:15     | Reached skill level 18 in Fighting
 56297 | Depths:1 | Found a gateway to Hell.
 56397 | Depths:1 | Noticed Asterion
 56415 | Depths:1 | Killed Asterion
 56417 | Depths:1 | HP: 56/256 [deep troll earth mage (13)]
 56419 | Depths:1 | HP: 27/256 [deep troll earth mage (8)]
 56424 | Depths:1 | HP: 19/256 [poisoned by Asterion]
 56429 | Depths:1 | HP: 14/256 [poisoned by Asterion]
 56431 | Depths:1 | Noticed Bai Suzhen
 56434 | Depths:1 | HP: 11/256 [poisoned by Asterion]
 56439 | Depths:1 | HP: 10/256 [poisoned by Asterion]
 56445 | D:15     | HP: 9/256 [poisoned by Asterion]
 56451 | D:15     | HP: 10/256 [poisoned by Asterion]
 56459 | D:15     | HP: 12/256 [poisoned by Asterion]
 56970 | Depths:1 | Reached skill level 18 in Transmutations
 57035 | Depths:1 | Killed Bai Suzhen
 57035 | Depths:1 | Reached skill level 13 in Dodging
 58130 | Depths:2 | Reached XP level 24. HP: 129/179 MP: 34/38
 58318 | Depths:2 | HP: 56/268 [ice dragon/blast of cold (48)]
 58324 | Depths:2 | HP: 37/268 [ettin/dire flail of crushing (17)]
 59255 | Orc:2    | Bought an uncursed ring of protection from cold for 400 gold pieces
 59921 | Depths:2 | Got a translucent bardiche
 59945 | Depths:2 | Got an encrusted plate armour
 59993 | Depths:2 | Identified the +2 plate armour of the Carpenter {+Blink} (You found it on level 2 of the Depths)
 60052 | Depths:2 | Found a one-way gate to the infinite horrors of the Abyss.
 60554 | Depths:3 | Found Onialeto's Gadget Emporium.
 60740 | Depths:3 | Found a gateway to a ziggurat.
 60814 | Depths:2 | Reached skill level 19 in Transmutations
 61845 | Depths:3 | Found a one-way gate leading to the halls of Pandemonium.
 62092 | Depths:4 | Reached skill level 20 in Unarmed Combat
 62104 | Depths:4 | Reached skill level 14 in Dodging
 62137 | Depths:4 | Reached skill level 19 in Fighting
 62680 | Depths:4 | Reached XP level 25. HP: 186/186 MP: 38/38
 62717 | Depths:4 | HP: 56/279 [vampire knight/vampiric draining (18)]
 63184 | Depths:4 | Noticed a juggernaut
 63188 | Depths:4 | Killed a juggernaut
 63440 | Depths:4 | Found a runed door.
 63542 | Depths:4 | Noticed a juggernaut
 63553 | Depths:4 | Noticed a caustic shrike
 63554 | Depths:4 | Killed a juggernaut
 63559 | Depths:4 | Killed a caustic shrike
 63896 | Depths:4 | Got a shimmering morningstar {venom}
 63942 | Depths:4 | Noticed a caustic shrike
 63952 | Depths:4 | Killed a caustic shrike
 64137 | Depths:4 | Reached skill level 15 in Dodging
 64920 | Depths:4 | Got a bound tin ring
 64947 | Depths:4 | Identified the ring "Sadeumpu" {+Fly rN+++ MP-9 Int-4 Dex+3} (You found it on level 4 of the Depths)
 65136 | Depths:4 | Reached skill level 20 in Fighting
 65168 | Depths:5 | Entered Level 5 of the Depths
 65168 | Depths:5 | Noticed Sojobo
 65170 | Depths:5 | Reached XP level 26. HP: 196/196 MP: 38/38
 65179 | Depths:5 | Killed Sojobo
 65179 | Depths:5 | Reached skill level 21 in Unarmed Combat
 65245 | Depths:5 | Noticed Xtahua
 65254 | Depths:5 | Killed Xtahua
 65286 | Depths:5 | Found Evifal's Jewellery Boutique.
 65287 | Depths:5 | Found Sazutudgh's Armour Shop.
 65289 | Depths:5 | Noticed Jory
 65300 | Depths:5 | Killed Jory
 66037 | Depths:5 | Found a gate to the Realm of Zot.
 66045 | Depths:5 | Reached skill level 16 in Dodging
 66206 | Depths:5 | Bought the +2 pair of boots of the Assassin {Detection Stab+ Stlth++} for 960 gold pieces
 66309 | Depths:5 | Noticed an ancient lich
 66316 | Depths:5 | Killed an ancient lich
 66319 | Depths:5 | Gorglomux: what do you guys thing, abyss, slime or vault 5? im more like abyss myself
 66680 | Depths:4 | Learned a level 3 spell: Regeneration
 66683 | Depths:4 | Learned a level 2 spell: Shroud of Golubria
 66690 | Depths:4 | Learned a level 6 spell: Deflect Missiles
 66828 | Depths:4 | Reached skill level 1 in Charms
 66828 | Depths:4 | Reached skill level 1 in Air Magic
 66837 | Depths:4 | Identified Sif Muna's Compendium of Aerial Displacement
 66918 | Depths:4 | PeterMcNeter: i'd do vaults 5
 66995 | Depths:4 | Gorglomux: with apocalypse?
 67099 | Depths:1 | Reached skill level 1 in Necromancy
 67327 | Vaults:5 | Entered Level 5 of the Vaults
 67328 | Vaults:5 | Reached skill level 2 in Charms
 67328 | Vaults:5 | Reached skill level 2 in Air Magic
 67328 | Vaults:5 | Reached skill level 3 in Charms
 67328 | Vaults:5 | Reached skill level 3 in Air Magic
 67333 | Vaults:5 | Reached skill level 2 in Necromancy
 67364 | Vaults:5 | Reached skill level 4 in Charms
 67365 | Vaults:5 | Reached skill level 4 in Air Magic
 67367 | Vaults:5 | Reached XP level 27. HP: 185/203 MP: 21/38
 67774 | Vaults:4 | Reached skill level 5 in Charms
 67774 | Vaults:4 | Reached skill level 3 in Necromancy
 67774 | Vaults:4 | Reached skill level 5 in Air Magic
 68355 | Vaults:4 | Reached skill level 6 in Charms
 68521 | Vaults:5 | Reached skill level 4 in Necromancy
 68532 | Vaults:5 | Reached skill level 6 in Air Magic
 68919 | Vaults:5 | Reached skill level 7 in Charms
 68931 | Vaults:5 | Paralysed by a sphinx for 6 turns
 69132 | Vaults:5 | Noticed an ancient lich
 69178 | Vaults:5 | Killed an ancient lich
 69178 | Vaults:5 | Reached skill level 7 in Air Magic
 69458 | Vaults:4 | Learned a level 2 spell: Song of Slaying
 69606 | Vaults:5 | Reached skill level 21 in Fighting
 69633 | Vaults:5 | Reached skill level 8 in Charms
 69669 | Vaults:5 | Got a vibrating copper ring
 69680 | Vaults:5 | Identified the ring "Yzxoumod" {rN+ Slay+3 Stlth+} (You found it on level 5 of the Vaults)
 69732 | Vaults:5 | Reached skill level 17 in Dodging
 69751 | Vaults:5 | Reached skill level 8 in Air Magic
 70043 | Vaults:5 | Got a silver rune of Zot
 70128 | Vaults:5 | Got a shimmering robe
 70227 | Vaults:5 | Got a crude chain mail
 70469 | Vaults:5 | Noticed a juggernaut
 70469 | Vaults:5 | a juggernaut changed into a titan
 70782 | Vaults:5 | Gorglomux: :o spellbinder
 70782 | Vaults:5 | Gorglomux: ;o
 70782 | Vaults:5 | Gorglomux: i want to branch into mace so badly
 70792 | Vaults:5 | Identified the +4 chain mail of Protective Custody {rF+++ Str+6 Dex-5} (You took it off a vault warden on level 5 of the Vaults)
 70933 | Vaults:5 | Reached skill level 9 in Charms
 71262 | Vaults:5 | Got pitted fire dragon scales
 71275 | Vaults:5 | Identified the cursed +0 fire dragon scales of Distant Worlds {+Blink rF++ rC- rN+++ Str-3 Dex-3} (You found it on level 5 of the Vaults)
 71386 | Vaults:5 | Reached skill level 9 in Air Magic
 71786 | Zot:1    | Entered Level 1 of the Realm of Zot
 71909 | Zot:1    | Learned a level 2 spell: Blink
 71950 | Zot:3    | PeterMcNeter: why?
 71951 | Zot:3    | Gorglomux: for spellbinder
 71951 | Zot:3    | Gorglomux: so good against aliches and oofs
 71967 | Zot:3    | Gorglomux: nooooo
 72013 | Zot:3    | Reached skill level 22 in Unarmed Combat
 72036 | Zot:3    | HP: 70/307 [acid (13)]
 72039 | Zot:3    | HP: 29/307 [yellow draconian/dire flail (25)]
 72040 | Zot:3    | HP: 13/307 [yellow draconian/glob of acid (11)]
 72040 | Zot:3    | Splashed by a yellow draconian's acid

Vault maps used:
D:1:      saegor_arrival_simple_f, minivault_25, hex_medium
D:2:      minmay_misc_feat_diagonals, grunt_ministairs_1, nrook_mini_backslash,
          st_stairs_12
D:3:      st_stairs_1
D:4:      elyvilon_altar_5, kennysheep_mini, first_bread, serial_shops, shop,
          kennysheep_mini_moat, shop, shop, uniq_eustachio
D:5:      lemuel_insect_pit, gammafunk_temple_overflow_elements, basic_altar,
          uniq_edmund
D:6:      led_sif_pool, temple_green
D:7:      okawaru_metal_pillars_1_2, minmay_stone_trees_small, the_bakery,
          minivault_23
D:8:      serial_shops, shop
D:10:     stair_cage_line, uniq_erica
D:11:     david_lair_shrubbed
D:12:     david_orc_3
D:13:     david_vaults_3
D:14:     tso_metal_star, lemuel_oklob_altar, uniq_snorg, uniq_azrael,
          uniq_nessos
D:15:     gammafunk_enter_depths_forms, serial_shops, shop, shop_fountains,
          shop, nicolae_shop_waterfront, nicolae_shop_trees, serial_park_avenue1
Lair:1:   lab_entry_generic, serial_bayou_ford_a
Lair:2:   grunt_megastairs_1
Lair:4:   minmay_swamp_entry_worms, spider_nest_entry_a, grunt_megastairs_4,
          uniq_harold, uniq_nergalle
Lair:5:   uniq_rupert
Lair:6:   minmay_lair_end_enchanted_forest, slime_altar_1
Swamp:1:  evilmike_swamp_ruin_house_4, swamp_pool2, roderic_carrion_pond,
          infiniplex_staircase_pool
Swamp:2:  hangedman_swamp_blocks, uniq_aizul
Swamp:3:  evilmike_swamp_ruin_house_6, st_swamp_ruins_3
Swamp:4:  swamp_basic_johnstein, uniq_nikola, uniq_jorgrun
Spider:3: nicolae_arachne_temple
Spider:4: grunt_spider_rune_circles, worms_lemuel, uniq_roxanne
Orc:1:    basic_altar, nicolae_orc_flooded_monolith
Orc:2:    grunt_orc_gardens, grunt_orc_garden, grunt_orc_garden,
          grunt_orc_garden, grunt_orc_garden, enter_volcano_2, basic_altar,
          serial_shops, shop, nicolae_orc_tapped_out
Vaults:1: v_misc_16, hangedman_vaults_unwind, v_alt_pattern_1,
          nicolae_vaults_border_crossing, vaults_dpeg_ring, v_rooms_6
Vaults:2: nicolae_vaults_alarming, v_rooms_6, v_misc_31, v_misc_9,
          vaults_mumra_hexcomb, ontoclasm_vaults_ring_large,
          hangedman_vaults_river_flow, v_misc_13,
          minmay_crypt_entry_skeletal_spiral, vaults_room_guarded_vault,
          ontoclasm_vaults_loading_screen, ontoclasm_vaults_decontamination,
          serial_shops, shop, uniq_boris
Vaults:3: v_misc_28, vaults_dpeg_hooks, vaults_room_corners, v_alt_pattern_2,
          hangedman_vaults_impose, grunt_vaults_swirl,
          nicolae_vaults_three_branches, basic_altar, uniq_mara, uniq_mennas,
          uniq_boris, uniq_frederick
Vaults:4: nicolae_vaults_little_squares_6, nicolae_vaults_triangles, v_misc_16,
          st_hourglassy, vaults_room_pools, vaults_dpeg_encased_lava, v_misc_29,
          hangedman_vaults_cutoff, nicolae_vaults_yaktaur_gun_rack,
          grunt_vaults_hallway_short, ontoclasm_vaults_spin,
          hangedman_vaults_capsules, v_misc_24, basic_altar
Vaults:5: serial_shops
Depths:1: grunt_hell_entry_dis_grunt, serial_bayou, serial_bayou_pond_a,
          serial_bayou_pond_d, serial_bayou_shore_b, serial_bayou_pond_e,
          st_stairs_3, dk_noncrumbling_2, minivault_10, serial_bayou_shore_b,
          uniq_asterion, uniq_bai_suzhen
Depths:2: minmay_guarded_unrand_guard, abyss_entry, roderic_serpentine_path,
          hell_entry, infiniplex_staircase_pillars_3b
Depths:3: evilmike_cross, enter_ziggurat_c, serial_shops, shop_statue,
          fountainhead, grunt_pan_entry_sceptre, hell_entry,
          kennysheep_generic_room_15, serial_bayou_shore_a
Depths:4: box_level_dp, abyss_entry, hell_entry
Depths:5: grunt_zot_entry_alcove, hell_entry, rand_demon_pan_entry_3,
          serial_bayou_pond_a, minmay_shoptagon, uniq_jory, uniq_xtahua,
          uniq_sojobo
Zot:1:    kennysheep_spiral_hall, hangedman_elemental_grid_stream
Zot:3:    lemuel_acid_trip, nrook_zot_tub, lemuel_elevator
Lab:      labyrinth_spiral, labyrinth_skeletal_remains, labyrinth_lava_lair,
          nicolae_lab_do_over, nicolae_lab_lava
Volcano:  volcano_lake

Skill      XL: |  1  2  3  4  5  6  7  8  9 10 11 12 13 14 15 16 17 18 19 20 21 22 23 24 25 26 27 |
---------------+----------------------------------------------------------------------------------+-----
Unarmed Combat | 1 2 3 4 5 6 8 9 10 11 12 13 14 15 16 17 18 19 20 21 22 | 22.0
Shields        | 3 5 6 7 9 |  9.4
Fighting       | 4 6 8 9 10 11 12 13 14 15 16 17 18 19 20 21 | 21.2
Armour         | 2 5 6 8 9 10 11 | 11.8
Dodging        | 2 4 6 8 9 11 12 13 14 15 16 17 | 17.3
Transmutations | 2 5 7 9 10 11 12 13 14 16 17 18 19 | 19.6
Spellcasting   | 2 5 6 7 8 9 10 11 | 11.0
Charms         | 4 9 |  9.9
Air Magic      | 4 9 |  9.8
Necromancy     | 2 4 |  4.7
Bows           | |  3.0
Throwing       | |  1.0

Action                   |  1- 3 |  4- 6 |  7- 9 | 10-12 | 13-15 | 16-18 | 19-21 | 22-24 | 25-27 || total
-------------------------+-------+-------+-------+-------+-------+-------+-------+-------+-------++-------
Melee: Unarmed           |   142 |   257 |   381 |   891 |  1131 |  1460 |  1319 |   923 |   756 ||  7260
       Punch             |       |       |       |       |     1 |    69 |    93 |    98 |    90 ||   351
       Tailslap          |       |       |       |       |       |       |    10 |    55 |   111 ||   176
       Bite              |       |       |       |       |       |       |     8 |    49 |    90 ||   147
Throw: Stone             |    50 |   119 |    78 |    90 |       |       |       |       |       ||   337
       Throwing net      |       |       |       |       |     1 |       |       |       |       ||     1
 Cast: Blade Hands       |       |       |       |       |     1 |   124 |   131 |    60 |     8 ||   324
       Ice Form          |       |       |       |       |       |     2 |     4 |       |       ||     6
       Dragon Form       |       |       |       |       |       |       |     7 |    36 |    67 ||   110
       Regeneration      |       |       |       |       |       |       |       |       |     4 ||     4
       Shroud of Golubri |       |       |       |       |       |       |       |       |     3 ||     3
       Deflect Missiles  |       |       |       |       |       |       |       |       |     2 ||     2
       Song of Slaying   |       |       |       |       |       |       |       |       |     1 ||     1
Invok: Sacrifice Love    |       |       |     1 |       |       |       |       |       |       ||     1
       Sacrifice Arcana  |       |       |       |     1 |       |       |       |       |       ||     1
       Power Leap        |       |       |       |    10 |    21 |    19 |    11 |     4 |     2 ||    67
       Sacrifice Artific |       |       |       |     1 |       |       |       |       |       ||     1
       Apocalypse        |       |       |       |     1 |     7 |     7 |     7 |     7 |    14 ||    43
       Sacrifice Health  |       |       |       |     1 |       |       |       |       |       ||     1
       Draw Out Power    |       |       |       |       |     3 |     1 |       |     1 |       ||     5
 Abil: End Transformatio |       |       |       |       |       |     5 |    28 |    11 |     8 ||    52
       Breathe Fire      |       |       |       |       |       |       |     7 |     7 |     9 ||    23
Evoke: Wand              |       |       |     5 |    15 |       |       |       |       |       ||    20
  Use: Potion            |     3 |       |     2 |       |     1 |     3 |     3 |     4 |     9 ||    25
       Scroll            |       |     5 |     3 |    14 |    14 |    12 |     3 |     4 |    10 ||    65
 Stab: Confused          |       |       |     6 |       |       |       |       |       |       ||     6
       Invisible         |       |       |       |     4 |     8 |    15 |    15 |     6 |    11 ||    59
       Distracted        |       |       |       |     2 |     7 |     7 |     5 |     6 |     1 ||    28
       Paralysed         |       |       |       |       |    19 |    22 |    12 |    16 |    24 ||    93
  Eat: Chunk             |       |    11 |    12 |    28 |    30 |    53 |    26 |    37 |    37 ||   234
       Royal jelly       |       |       |     1 |       |     2 |     5 |     2 |     4 |     7 ||    21
       Meat ration       |       |       |       |       |       |     5 |     6 |     4 |     4 ||    19
       Fruit             |       |       |       |       |       |    12 |       |     5 |     4 ||    21
       Bread ration      |       |       |       |       |       |       |     1 |       |       ||     1
Armor: Scale mail        |    61 |    83 |   137 |   322 |   372 |   594 |   373 |   181 |     9 ||  2132
       Skin              |       |       |       |       |       |     1 |    24 |   115 |   157 ||   297
Dodge: Dodged            |    54 |    54 |   102 |   292 |   542 |  1271 |   960 |   581 |   439 ||  4295
       Deflected         |       |       |       |       |       |     4 |    23 |    42 |    54 ||   123
Block: Buckler           |    16 |    58 |   112 |   290 |   419 |   200 |    93 |    24 |     3 ||  1215
       Reflection        |       |     1 |     2 |     4 |    14 |    11 |       |       |       ||    32
       Other             |       |       |       |       |       |    25 |       |       |       ||    25

Vault maps used:
D:1:      saegor_arrival_simple_f, minivault_25, hex_medium
D:2:      minmay_misc_feat_diagonals, grunt_ministairs_1, nrook_mini_backslash,
          st_stairs_12
D:3:      st_stairs_1
D:4:      elyvilon_altar_5, kennysheep_mini, first_bread, serial_shops, shop,
          kennysheep_mini_moat, shop, shop, uniq_eustachio
D:5:      lemuel_insect_pit, gammafunk_temple_overflow_elements, basic_altar,
          uniq_edmund
D:6:      led_sif_pool, temple_green
D:7:      okawaru_metal_pillars_1_2, minmay_stone_trees_small, the_bakery,
          minivault_23
D:8:      serial_shops, shop
D:10:     stair_cage_line, uniq_erica
D:11:     david_lair_shrubbed
D:12:     david_orc_3
D:13:     david_vaults_3
D:14:     tso_metal_star, lemuel_oklob_altar, uniq_snorg, uniq_azrael,
          uniq_nessos
D:15:     gammafunk_enter_depths_forms, serial_shops, shop, shop_fountains,
          shop, nicolae_shop_waterfront, nicolae_shop_trees, serial_park_avenue1
Lair:1:   lab_entry_generic, serial_bayou_ford_a
Lair:2:   grunt_megastairs_1
Lair:4:   minmay_swamp_entry_worms, spider_nest_entry_a, grunt_megastairs_4,
          uniq_harold, uniq_nergalle
Lair:5:   uniq_rupert
Lair:6:   minmay_lair_end_enchanted_forest, slime_altar_1
Swamp:1:  evilmike_swamp_ruin_house_4, swamp_pool2, roderic_carrion_pond,
          infiniplex_staircase_pool
Swamp:2:  hangedman_swamp_blocks, uniq_aizul
Swamp:3:  evilmike_swamp_ruin_house_6, st_swamp_ruins_3
Swamp:4:  swamp_basic_johnstein, uniq_nikola, uniq_jorgrun
Spider:3: nicolae_arachne_temple
Spider:4: grunt_spider_rune_circles, worms_lemuel, uniq_roxanne
Orc:1:    basic_altar, nicolae_orc_flooded_monolith
Orc:2:    grunt_orc_gardens, grunt_orc_garden, grunt_orc_garden,
          grunt_orc_garden, grunt_orc_garden, enter_volcano_2, basic_altar,
          serial_shops, shop, nicolae_orc_tapped_out
Vaults:1: v_misc_16, hangedman_vaults_unwind, v_alt_pattern_1,
          nicolae_vaults_border_crossing, vaults_dpeg_ring, v_rooms_6
Vaults:2: nicolae_vaults_alarming, v_rooms_6, v_misc_31, v_misc_9,
          vaults_mumra_hexcomb, ontoclasm_vaults_ring_large,
          hangedman_vaults_river_flow, v_misc_13,
          minmay_crypt_entry_skeletal_spiral, vaults_room_guarded_vault,
          ontoclasm_vaults_loading_screen, ontoclasm_vaults_decontamination,
          serial_shops, shop, uniq_boris
Vaults:3: v_misc_28, vaults_dpeg_hooks, vaults_room_corners, v_alt_pattern_2,
          hangedman_vaults_impose, grunt_vaults_swirl,
          nicolae_vaults_three_branches, basic_altar, uniq_mara, uniq_mennas,
          uniq_boris, uniq_frederick
Vaults:4: nicolae_vaults_little_squares_6, nicolae_vaults_triangles, v_misc_16,
          st_hourglassy, vaults_room_pools, vaults_dpeg_encased_lava, v_misc_29,
          hangedman_vaults_cutoff, nicolae_vaults_yaktaur_gun_rack,
          grunt_vaults_hallway_short, ontoclasm_vaults_spin,
          hangedman_vaults_capsules, v_misc_24, basic_altar
Vaults:5: serial_shops
Depths:1: grunt_hell_entry_dis_grunt, serial_bayou, serial_bayou_pond_a,
          serial_bayou_pond_d, serial_bayou_shore_b, serial_bayou_pond_e,
          st_stairs_3, dk_noncrumbling_2, minivault_10, serial_bayou_shore_b,
          uniq_asterion, uniq_bai_suzhen
Depths:2: minmay_guarded_unrand_guard, abyss_entry, roderic_serpentine_path,
          hell_entry, infiniplex_staircase_pillars_3b
Depths:3: evilmike_cross, enter_ziggurat_c, serial_shops, shop_statue,
          fountainhead, grunt_pan_entry_sceptre, hell_entry,
          kennysheep_generic_room_15, serial_bayou_shore_a
Depths:4: box_level_dp, abyss_entry, hell_entry
Depths:5: grunt_zot_entry_alcove, hell_entry, rand_demon_pan_entry_3,
          serial_bayou_pond_a, minmay_shoptagon, uniq_jory, uniq_xtahua,
          uniq_sojobo
Zot:1:    kennysheep_spiral_hall, hangedman_elemental_grid_stream
Zot:3:    lemuel_acid_trip, nrook_zot_tub, lemuel_elevator
Lab:      labyrinth_spiral, labyrinth_skeletal_remains, labyrinth_lava_lair,
          nicolae_lab_do_over, nicolae_lab_lava
Volcano:  volcano_lake

Table legend:
 A = Turns spent in this place as a percentage of turns spent in the entire game.
 B = Non-inter-level travel turns spent in this place as a percentage of non-inter-level travel turns spent in the entire game.
 C = Inter-level travel turns spent in this place as a percentage of turns spent in this place.
 D = Turns resting spent in this place as a percentage of non-inter-level travel turns spent in this place.
 E = Turns spent auto-exploring this place as a percentage of non-inter-level travel turns spent in this place.
 F = Non-inter-level travel turns spent in this place divided by the number of levels of this place that you've seen.
                   A       B       C       D       E      F
               +-------+-------+-------+-------+-------+----------------------
         Total | 100.0 | 100.0 |   0.5 |   5.5 |   5.3 | 495.6
       Dungeon |  27.4 |  27.4 |   0.6 |   4.0 |   6.4 | 415.7
          Lair |  13.2 |  13.2 |   0.5 |   4.5 |   4.6 | 500.0
         Swamp |   7.9 |   7.9 |   0.4 |   5.1 |   5.4 | 449.5
   Spider Nest |  12.4 |  12.4 |   0.3 |  10.5 |   1.8 | 709.5
  Orcish Mines |   3.1 |   3.1 |   0.7 |   2.3 |  10.0 | 355.0
        Vaults |  17.6 |  17.6 |   0.3 |   6.1 |   6.2 | 803.6
        Depths |  15.7 |  15.7 |   0.6 |   5.6 |   5.3 | 717.2
           Zot |   1.3 |   1.3 |   0.0 |   0.0 |   0.0 |  99.3
     Labyrinth |   0.4 |   0.4 |   0.0 |   2.4 |   0.0 |  84.0
       Volcano |   1.0 |   1.0 |   0.0 |   2.6 |   3.0 | 230.0
               +-------+-------+-------+-------+-------+----------------------

Table legend:
 A = Kills in this place as a percentage of kills in entire the game.
 B = Kills by you in this place as a percentage of kills by you in the entire game.
 C = Kills by friends in this place as a percentage of kills by friends in the entire game.
 D = Other kills in this place as a percentage of other kills in the entire game.
 E = Experience gained in this place as a percentage of experience gained in the entire game.
 F = Experience gained in this place divided by the number of levels of this place that you have seen.
                   A       B       C       D       E      F
               +-------+-------+-------+-------+-------+----------------------
         Total | 100.0 | 100.0 |  -nan | 100.0 | 100.0 | 27715.2
       Dungeon |  21.4 |  21.4 |  -nan |  20.0 |   6.5 | 5560.7
          Lair |  11.5 |  11.4 |  -nan |  28.0 |   5.3 | 11339.0
         Swamp |   8.0 |   7.9 |  -nan |  20.0 |   6.5 | 20771.5
   Spider Nest |  12.9 |  12.9 |  -nan |  12.0 |   8.6 | 27547.2
  Orcish Mines |   4.3 |   4.3 |  -nan |   0.0 |   1.2 | 7895.5
        Vaults |  22.7 |  22.8 |  -nan |  12.0 |  37.0 | 94334.2
        Depths |  17.5 |  17.6 |  -nan |   8.0 |  31.9 | 81425.8
           Zot |   0.9 |   0.9 |  -nan |   0.0 |   2.5 | 10425.3
     Labyrinth |   0.0 |   0.0 |  -nan |   0.0 |   0.1 | 1033.0
       Volcano |   0.7 |   0.7 |  -nan |   0.0 |   0.3 | 3279.0
               +-------+-------+-------+-------+-------+----------------------
